 Dungeon Crawl Stone Soup version 0.27-a0-1595-g0b823d0a13 (webtiles) character file.

Game seed: 5017166183929062250

1047 bande the Shield-Bearer (level 8, -2/49 HPs)
             Began as a Gargoyle Fighter on July 20, 2021.
             Was an Initiate of Okawaru.
             Slain by a yak (12 damage)
             ... on level 5 of the Dungeon.
             The game lasted 00:09:36 (5232 turns).

bande the Shield-Bearer (Gargoyle Fighter)          Turns: 5232, Time: 00:09:37

Health: -2/49      AC: 23    Str: 21    XL:     8   Next: 25%
Magic:  8/8        EV:  6    Int:  9    God:    Okawaru [......]
Gold:   248        SH: 11    Dex: 10    Spells: 7/7 levels left

rFire    + . .     SeeInvis .   a - +1 war axe
rCold    . . .     Faith    .   c - +1 kite shield
rNeg     + . .     Spirit   .   f - +0 chain mail
rPois    ∞         Reflect  .   t - +2 helmet
rElec    +         Harm     .   v - +0 cloak
rCorr    .         Rampage  .   (no gloves)
Will     .....                  (no boots)
Stlth    ..........             (no amulet)
HPRegen  0.16/turn              g - +4 ring of protection
MPRegen  0.11/turn              j - ring of protection from fire

@: no status effects
A: sickness immunity, AC +5, negative energy resistance 1, electricity
resistance, torment resistance 1, petrification resistance
a: Renounce Religion


You were on level 5 of the Dungeon.
You worshipped Okawaru.
Okawaru was noncommittal.
You visited 2 branches of the dungeon, and saw 6 of its levels.

You collected 248 gold pieces.

Inventory:

Hand Weapons
 a - a +1 war axe (weapon)
Missiles
 n - 5 boomerangs of dispersal (quivered)
Armour
 c - a +1 kite shield (worn)
 f - a +0 chain mail (worn)
 t - a +2 helmet (worn)
 v - a +0 cloak (worn)
Jewellery
 g - a +4 ring of protection (left hand)
 j - a ring of protection from fire (right hand)
 k - a +4 ring of slaying
 q - a ring of see invisible
 w - an amulet of guardian spirit
Wands
 s - a wand of iceblast (7)
 u - a wand of flame (20)
Scrolls
 b - 5 scrolls of identify
 m - 2 scrolls of enchant armour
 p - a scroll of teleportation
Potions
 d - a potion of might
 e - a potion of magic
 h - 2 potions of ambrosia
 i - 2 potions of brilliance
 l - 2 potions of heal wounds
 o - a potion of curing
 r - a potion of haste


   Skills:
 + Level 5.0 Fighting
 + Level 5.8 Axes
 + Level 4.8 Armour
 + Level 1.1 Dodging
 + Level 6.2 Shields


You had 7 spell levels left.
You didn't know any spells.
Your spell library contained the following spells:

 Spells                   Type           Power      Damage    Failure   Level
 Corona                   Hex            0%         N/A       100%        1
 Ensorcelled Hibernation  Hex/Ice        0%         N/A       100%        2
 Stone Arrow              Conj/Erth      0%         3d7       100%        3
 Tukima's Dance           Hex            0%         N/A       100%        3
 Animate Armour           Summ/Erth      0%         N/A       100%        4
 Lehudib's Crystal Spear  Conj/Erth      0%         10d2      100%        8


Dungeon Overview and Level Annotations

Branches:
Dungeon (5/15)             Temple (1/1) D:5

Altars:
Ashenzari
Cheibriados
Dithmenos
Elyvilon
Gozag
Hepliaklqana
Kikubaaqudgha
Makhleb
Nemelex Xobeh
Okawaru
Ru
Sif Muna
Trog
Uskayaw
Wu Jian
Xom
Yredelemnul
The Shining One

Shops:
D:2 =   D:5 [


Innate Abilities, Weirdness & Mutations

You are immune to sickness and miasma.
Your stone body is resilient. (AC +5)
You are immune to poison.
You resist negative energy. (rN+)
You are resistant to electric shocks. (rElec)
You are resistant to unholy torment.
You are immune to petrification.


Message History

You slash the yak!
The yak is moderately wounded.
The yak closely misses you.
You slash the yak!
The yak is heavily wounded.
The yak gores you! You block the yak's attack.
You barely miss the yak.
The yak is heavily wounded.
The yak closely misses you.
You slash the yak!
The yak is severely wounded.
The yak gores you but does no damage. x2
You hit the yak.
The yak is severely wounded.
You block the yak's attack.
You hit the yak but do no damage.
The yak is severely wounded.
The yak gores you.
You are too injured to fight recklessly!
You are too injured to fight recklessly!
You are too injured to fight recklessly!
You are too injured to fight recklessly!
You are too injured to fight recklessly!
You are too injured to fight recklessly!
You are too injured to fight recklessly!
You are too injured to fight recklessly!
You barely miss the yak.
The yak is severely wounded.
You block the yak's attack. The yak gores you!
You hit the yak.
The yak is almost dead.
You block the yak's attack.
You hit the yak but do no damage.
The yak is almost dead.
The yak gores you but does no damage. The yak gores you!
* * * LOW HITPOINT WARNING * * *
You hit the yak.
The yak is almost dead.
The yak gores you!
You die...

#.............#
#.###..###.#.## #.#
#.........#
#.###..###.#..####
#......# #.....)).
#......###.#.)####
#.............# #
#.####.####(..# #
#@#.......#...# #
#Y#.##.##.#...# #
##Y#.#...#.#..## #
#......_......#####
#..#.#...#.#.###...
#..#.##.##.#.###.##
#..#......,#..##.##
*#..####.####...#.##
**....,,...........##


You could see 2 yaks.

Vanquished Creatures
  A yak (D:5)
  4 necrophages (D:4)
  A wight (D:4)
  A bullfrog zombie (D:4)
  2 centaur zombies (D:4)
  3 jellies (D:2)
  Crazy Yiuf (D:4)
  A bullfrog skeleton (D:5)
  A human zombie (D:4)
  An iguana (D:5)
  2 scorpion zombies (D:4)
  A hound zombie (D:5)
  3 adders
  A howler monkey skeleton (D:5)
  An ufetubus (D:4)
  2 adder zombies (D:4)
  A dart slug (D:1)
  9 orcs
  12 endoplasms
  A giant cockroach (D:1)
  5 goblins
  5 hobgoblins
  3 jackals (D:4)
  14 kobolds
  5 quokkas
  7 ball pythons
  5 bats
  5 frilled lizards
  11 rats
109 creatures vanquished.

Vanquished Creatures (others)
  8 fungi (D:2)
  2 plants (D:3)
  6 toadstools (D:2)
16 creatures vanquished.

Grand Total: 125 creatures vanquished

Notes
Turn   | Place    | Note
-------+----------+-------------------------------------------
     0 | D:1      | bande the Gargoyle Fighter began the quest for the Orb.
     0 | D:1      | Reached XP level 1. HP: 14/14 MP: 1/1
   224 | D:1      | Reached XP level 2. HP: 13/19 MP: 2/2
   761 | D:1      | Reached XP level 3. HP: 19/23 MP: 3/3
  1323 | D:2      | Found Usouhiar's Jewellery Emporium.
  1334 | D:2      | Found a faded altar of an unknown god.
  1569 | D:2      | Reached XP level 4. HP: 25/29 MP: 4/4
  1817 | D:2      | Reached skill level 4 in Shields
  1994 | D:2      | Reached XP level 5. HP: 28/33 MP: 5/5
  3167 | D:4      | Reached XP level 6. HP: 36/38 MP: 6/6
  3476 | D:4      | Found a runed translucent door.
  3477 | D:4      | Noticed Crazy Yiuf
  3680 | D:4      | Noticed a necrophage
  3684 | D:4      | Killed a necrophage
  3736 | D:4      | Reached skill level 5 in Shields
  3744 | D:4      | Noticed a necrophage
  3747 | D:4      | Killed a necrophage
  3748 | D:4      | Reached skill level 1 in Dodging
  3748 | D:4      | Reached XP level 7. HP: 36/43 MP: 7/7
  3801 | D:4      | Found a basalt altar of Yredelemnul.
  3938 | D:4      | Reached skill level 5 in Axes
  4181 | D:4      | Killed Crazy Yiuf
  4182 | D:4      | Reached skill level 6 in Shields
  4262 | D:5      | Entered Level 5 of the Dungeon
  4296 | D:5      | Found a staircase to the Ecumenical Temple.
  4302 | Temple   | Entered the Ecumenical Temple
  4568 | Temple   | Became a worshipper of Warmaster Okawaru
  4664 | D:5      | Found a hazy altar of Hepliaklqana.
  4697 | D:5      | Reached XP level 8. HP: 48/48 MP: 8/8
  5018 | D:5      | Found Haz Payr's Armour Shop.
  5044 | D:5      | Found a bloodstained altar of Trog.
  5212 | D:5      | Noticed a yak
  5212 | D:5      | Noticed a yak
  5212 | D:5      | Noticed a yak
  5222 | D:5      | Killed a yak
  5223 | D:5      | Reached skill level 5 in Fighting
  5232 | D:5      | Slain by a yak

Illustrated notes

Levels and vault maps discovered:
D:1:      dpeg_arrival_ratfight, layout_loops_corners, palyth_stone_intersect,
          chequers_serial_rivers_micro_a, minmay_pentomino_q2
D:2:      cheibrodos_fertilizer, layout_basic, ebering_ecumenical_altar_hall,
          serial_shops, shop, corexii_leaking_fountain
D:3:      layout_basic, serial_bayou_pond_c
D:4:      layout_loops_cross, lemuel_mausoleum_altar_yredelemnul,
          hangedman_decor_riveting, kennysheep_cluttered_room,
          uniq_crazy_yiuf_cottage
D:5:      layout_loops_corners, kennysheep_mini_moat,
          mainiacjoe_overflow_chevrons, nicolae_overflow_crystal_walls,
          temple_green, serial_shops, nicolae_lakefront_shop, sigmund_army
Temple:   regret_index_temple_generic_petals

Skill      XL: |  1  2  3  4  5  6  7  8 |
---------------+-------------------------+-----
Axes           | 2 3 4 5 |  5.8
Shields        | 4 5 6 |  6.2
Armour         | 4 |  4.8
Fighting       | 4 5 |  5.0
Dodging        | 1 |  1.1

Action                   |  1- 3 |  4- 6 |  7- 9 || total
-------------------------+-------+-------+-------++-------
Melee: War axe           |   106 |   139 |   124 ||   369
  Use: Scroll            |     7 |     3 |     6 ||    16
       Potion            |     1 |       |     1 ||     2
Armor: Scale mail        |    27 |       |       ||    27
       Chain mail        |    27 |   119 |    46 ||   192
Dodge: Dodged            |    29 |    31 |    19 ||    79
Block: Kite shield       |    64 |   101 |    75 ||   240

Table legend: (Time is in decaauts)
 A = Elapsed time spent in this place.
 B = Non-inter-level travel time spent in this place.
 C = Inter-level travel time spent in this place.
 D = Time resting spent in this place.
 E = Time spent auto-exploring this place.
 F = Levels seen in this place.
 G = Mean time per level.
                   A        B        C        D        E       F      G
               +--------+--------+--------+--------+--------+-----+--------+
         Total |   5439 |   5403 |     36 |    245 |   4041 |   6 |  906.5 |
       Dungeon |   5148 |   5131 |     17 |    245 |   3829 |   5 | 1029.6 |
        Temple |    291 |    272 |     19 |      0 |    212 |   1 |  291.0 |
               +--------+--------+--------+--------+--------+-----+--------+

Top non-repeatable levels by time:
     D:1: 1304 daAuts
     D:4: 1287 daAuts
     D:2: 1002 daAuts
     D:3: 855 daAuts
     D:5: 697 daAuts
  Temple: 291 daAuts
